Map: Tokamak LE

Players

SubN - Winner!

  • Race: Zerg Zerg
  • League: Platinum
  • Spawn Location: 7:00

llllllllllll

  • Race: Zerg Zerg
  • League: Diamond
  • Spawn Location: 1:00

VOD

Have the link to the VOD?

Description

Time

  • Played on: July 19, 2025, 7:45 p.m.
  • Length: 3:13
Show
View Real Time Build Order
Export as new Build Order

SubN Zerg - Winner!

Build Orders: Pool First 

Get SALT Encoding   

  12  0:00  Drone  
  13  0:09  Drone  
  14  0:15  Extractor  
  13  0:29  Spawning Pool  
  12  0:55  Hatchery  
  11  1:15  Queen  
  13  1:31  Metabolic Boost  
  13  1:33  Zergling x2  
  14  1:40  Overlord  
  14  2:00  Zergling x6  
  17  2:09  Zergling x2  
  17  2:13  Zergling x2  
  19  2:18  Zergling x2  
  20  2:28  Zergling x6  
  20  2:29  Zergling x2  
  24  2:41  Zergling x6  
  27  2:50  Overlord  
Show
View Real Time Build Order
Export as new Build Order

llllllllllll Zerg 

Build Orders: Pool First 

Get SALT Encoding   

  12  0:00  Drone  
  13  0:13  Overlord  
  13  0:17  Drone  
  14  0:31  Drone  
  14  0:32  Drone  
  16  0:36  Drone  
  17  0:45  Spawning Pool  
  17  0:48  Drone  
  17  1:09  Hatchery  
  16  1:14  Extractor  
  16  1:15  Drone x2  
  17  1:24  Drone  
  18  1:33  Zergling x2, Queen  
  21  1:44  Overlord  
  21  2:00  Drone  
  22  2:09  Queen  
  24  2:20  Queen  
  25  2:36  Drone x2  
  27  2:42  Overlord  
  27  2:55  Zergling x2  
  27  2:56  Zergling x2  
Tags
 
Matchup
ZvZ
Race
Zerg
Replay Pack
Multiplayer
Spawn Locations
Cross Positions
Add a new tag
Caveats
  • Supply blocks, unpowered buildings, or Contaminate may cause inaccurate times.
  • Supply counts are checked every 10 seconds.